 Dungeon Crawl Stone Soup version 0.23.2-1-ga50397a (webtiles) character file.

Game seed: 1712299940294422385

343 Kairos the Ruffian (level 6, -1/52 HPs)
             Began as a Ghoul Monk on Apr 24, 2019.
             Slain by a fire bat (8 damage)
             ... on level 4 of the Dungeon.
             The game lasted 00:05:46 (2352 turns).

Kairos the Ruffian (Ghoul Monk)                     Turns: 2352, Time: 00:05:47

Health: -1/52      AC:  6    Str: 17    XL:     6   Next: 57%
Magic:  5/5        EV: 10    Int:  5    God:
Gold:   101        SH:  3    Dex: 11    Spells: 5/5 levels left

rFire    . . .     SeeInvis .     - Unarmed
rCold    + + .     Gourm    .   (no shield)
rNeg     + + +     Faith    .   m - +0 scale mail {rC+}
rPois    ∞         Spirit   .   (no helmet)
rElec    .         Reflect  +   (no cloak)
rCorr    .         Harm     .   (no gloves)
MR       .....                  (no boots)
Stlth    +.........             h - +3 amulet of reflection
HPRegen  0.00/turn              (no ring)
MPRegen  0.09/turn              (no ring)

@: rotting
A: rotting body, claws 1, carnivore, cold resistance 1, negative energy
resistance 3, inhibited regeneration, torment resistance, unbreathing
a: no special abilities


You were on level 4 of the Dungeon.
You were not hungry.

You visited 1 branch of the dungeon, and saw 4 of its levels.

You collected 101 gold pieces.

Inventory:

Armour
 a - a +0 robe
 c - a +0 scale mail
 m - a +0 scale mail of cold resistance (worn)
Jewellery
 h - a +3 amulet of reflection (around neck)
Wands
 k - a wand of polymorph (4)
Scrolls
 d - 2 scrolls of teleportation {unknown}
 e - a scroll of remove curse {unknown}
 i - a scroll of random uselessness {unknown}
 j - 2 scrolls of identify {unknown}
 n - a scroll of fog {unknown}
Potions
 f - a potion of curing {unknown}
 g - a potion of lignification {unknown}
Comestibles
 b - 5 rations
 l - 2 chunks of flesh


   Skills:
 + Level 4.0 Fighting
 + Level 2.0 Armour
 + Level 3.3 Dodging
 + Level 2.8 Stealth
 + Level 6.3 Unarmed Combat


You had 5 spell levels left.
You didn't know any spells.
Your spell library was empty.

Dungeon Overview and Level Annotations

Branches:
Dungeon (3/15)

Altars:
Elyvilon
Vehumet


Innate Abilities, Weirdness & Mutations

Your body is rotting away.
You thrive on raw meat.
You are immune to poison.
You have sharp fingernails.
You are carnivorous and can eat meat at any time.
Your flesh is cold resistant. (rC+)
You are immune to negative energy. (rN+++)
You do not regenerate when monsters are visible.
You are immune to unholy pain and torment.
You can survive without breathing.


Message History

You are too injured to fight recklessly!
You are too injured to fight recklessly!
You are too injured to fight recklessly!
You are too injured to fight recklessly!
You are too injured to fight recklessly!
You are too injured to fight recklessly!
You are too injured to fight recklessly!
You are too injured to fight recklessly!
You are too injured to fight recklessly!
Evoke which item? (* to show all) (? for menu, Esc to quit)
Aiming: Polymorph
Press: ? - help, Shift-Dir - straight line The ogre evaporates and reforms as a fire bat!
The fire bat barely misses you. The fire bat bites you.
You are engulfed in flames!
* * * LOW HITPOINT WARNING * * *
The fire bat bites you.
* * * LOW HITPOINT WARNING * * *
You are engulfed in flames!
You die...

.# ############.#
..>.......##.####
#####.............
#...).b@.......# #.#.
#.....#.####.##..##
#.#. #.### #.#
#.##.#.#####... .)#
#............#.
..#####..#.#.....#.#.
...
..................
.#..
####..##......##.#
..... #..##.........#
....##.##.##.#..


You could see a fire bat.

Vanquished Creatures
  A scorpion (D:4)
  An orc priest (D:3)
  2 orc wizards (D:3)
  Terence (D:3)
  A worker ant zombie (D:2)
  A howler monkey skeleton (D:2)
  6 adders
  An ooze (D:1)
  3 adder skeletons (D:2)
  2 worms (D:2)
  2 dart slugs
  3 leopard geckos
  4 orcs
  4 ball pythons
  8 bats
  A bat zombie (D:2)
  6 giant cockroaches
  6 goblins
  10 hobgoblins
  5 kobolds
  A quokka (D:3)
  6 frilled lizards
  5 rats
80 creatures vanquished.

Notes
Turn   | Place    | Note
-------+----------+-------------------------------------------
     0 | D:1      | Kairos the Ghoul Monk began the quest for the Orb.
     0 | D:1      | Reached XP level 1. HP: 19/19 MP: 0/0
    24 | D:1      | Reached XP level 2. HP: 14/26 MP: 1/1
   230 | D:1      | Reached XP level 3. HP: 24/33 MP: 2/2
   400 | D:1      | Reached skill level 4 in Unarmed Combat
   924 | D:2      | Reached XP level 4. HP: 32/40 MP: 3/3
  1032 | D:2      | Found a radiant altar of Vehumet.
  1273 | D:2      | Found a white marble altar of Elyvilon.
  1298 | D:2      | Reached XP level 5. HP: 19/46 MP: 4/4
  1408 | D:3      | Reached skill level 5 in Unarmed Combat
  1414 | D:3      | Reached skill level 1 in Armour
  1912 | D:3      | Noticed Terence
  1921 | D:3      | Killed Terence
  1921 | D:3      | Reached XP level 6. HP: 36/52 MP: 5/5
  1992 | D:2      | Reached skill level 6 in Unarmed Combat
  2256 | D:3      | You fall through a shaft!
  2350 | D:4      | Noticed a fire bat
  2350 | D:4      | an ogre changed into a fire bat
  2352 | D:4      | Slain by a fire bat

Skill      XL: |  1  2  3  4  5  6 |
---------------+-------------------+-----
Unarmed Combat | 4 5 6 |  6.3
Dodging        | 3 |  3.3
Armour         | 1 2 |  2.0
Fighting       | 4 |  4.0
Stealth        | |  2.8

Action                   |  1- 3 |  4- 6 || total
-------------------------+-------+-------++-------
Melee: Unarmed           |   110 |   197 ||   307
       Punch             |     1 |     7 ||     8
Evoke: Wand              |       |     2 ||     2
  Use: Potion            |       |     1 ||     1
 Stab: Sleeping          |     3 |       ||     3
  Eat: Chunk             |     9 |    21 ||    30
Armor: Robe              |    13 |       ||    13
       Scale mail        |     6 |   102 ||   108
Dodge: Dodged            |    89 |   119 ||   208
Block: Other             |       |    18 ||    18
